 Dungeon Crawl Stone Soup version 0.21.1-1-g345015f (webtiles) character file.

3959 4thArraOfDagon the Geomancer (level 10, 0/75 HPs)
             Began as a Deep Dwarf Necromancer on June 8, 2018.
             Was a Believer of Makhleb.
             Slain by a deep troll (12 damage)
             ... on level 2 of the Orcish Mines.
             The game lasted 00:18:38 (2723 turns).

4thArraOfDagon the Geomancer (DDNe)                 Turns: 2723, Time: 00:18:39

Health: 0/75       AC: 10    Str: 11    XL:     10   Next: 2%
Magic:  11/27      EV: 11    Int: 20    God:    Makhleb [**....]
Gold:   680        SH:  0    Dex: 13    Spells: 11/20 levels left

rFire    . . .     SeeInvis .   z - +3 war axe (chop)
rCold    + . .     Gourm    .   (no shield)
rNeg     . . .     Faith    .   l - +4 ring mail {rC+}
rPois    +         Spirit   .   (no helmet)
rElec    .         Reflect  .   (no cloak)
rCorr    .         Harm     .   t - +0 pair of gloves
MR       +....                  (no boots)
Stlth    +.........             (no amulet)
HPRegen  0.00/turn              g - ring of magical power
MPRegen  0.20/turn              i - ring of poison resistance

@: very slightly contaminated, non-regenerating
A: damage resistance, heal wounds, sense surroundings 2, no regeneration
a: Heal Wounds, Minor Destruction, Renounce Religion


You were on level 2 of the Orcish Mines.
You worshipped Makhleb.
Makhleb was pleased with you.
You were hungry.

You visited 3 branches of the dungeon, and saw 12 of its levels.
You also visited: Ossuary.

You collected 790 gold pieces.
You spent 110 gold pieces at shops.

Inventory:

Hand Weapons
 e - a +1 hand axe of flaming
 f - a +0 dagger of draining
 z - a +3 war axe of chopping (weapon)
Armour
 a - a +0 robe
 k - a +3 plate armour
 l - a +4 ring mail of cold resistance (worn)
 t - a +0 pair of gloves (worn)
Jewellery
 g - a ring of magical power (left hand)
 i - a ring of poison resistance (right hand)
 m - an uncursed ring of loudness
 s - a +4 ring of dexterity {unknown}
Wands
 v - a wand of polymorph (16)
 y - a wand of iceblast (6)
Scrolls
 h - 2 scrolls of teleportation
 j - a scroll of random uselessness
 o - 2 scrolls of fear
 p - a scroll of enchant weapon
Potions
 q - 2 potions of brilliance
 r - 2 potions of curing
 x - a potion of agility
Books
 b - a book of Necromancy

   Spells                             Type                      Level
   a - Pain                           Necromancy                   1
   b - Animate Skeleton               Necromancy                   1
   c - Vampiric Draining              Necromancy                   3
   d - Regeneration                   Charms/Necromancy            3
   e - Animate Dead                   Necromancy                   4
   f - Borgnjor's Vile Clutch         Necromancy/Earth             5
Comestibles
 c - 3 rations
 d - 3 chunks of flesh


   Skills:
 * Level 9.2 Axes
 - Level 2.1 Dodging
 - Level 2.4 Stealth
 + Level 5.9 Spellcasting
 - Level 6.9 Necromancy
 * Level 10.6 Earth Magic


You had 11 spell levels left.
You knew the following spells:

 Your Spells              Type           Power        Failure   Level  Hunger
a - Pain                  Necr           ####         1%          1    None
b - Vampiric Draining     Necr           ####......   4%          3    ##.....
c - Borgnjor's Vile Clut  Necr/Erth      #####.....   19%         5    #####..


Dungeon Overview and Level Annotations

Branches:
Dungeon (9/15)             Temple (1/1) D:7             Orc (2/2) D:9
    Elf (0/3) Orc:2
   Lair: D:8-11

Altars:
Ashenzari
Cheibriados
Dithmenos
Elyvilon
Fedhas
Gozag
Hepliaklqana
Kikubaaqudgha
Makhleb
Nemelex Xobeh
Okawaru
Qazlal
Ru
Trog
Uskayaw
Vehumet
Wu Jian
Xom
Zin

Shops:
D:4 ?

Annotations:
D:4 diana's ghost, novice MiFi
D:5 olivier's ghost, novice GnFi
Orc:1 johnjohn's ghost, journeyman MiFi; troglodite's ghost, journeyman DsBe


Innate Abilities, Weirdness & Mutations

You are resistant to damage.
You can heal yourself by infusing magical energy.
You passively map the area around you.
You do not regenerate.


Message History

Aim: a deep troll (moderately wounded)
You miscast Borgnjor's Vile Clutch.
You are very lightly contaminated with residual magic.
Pain shoots through your body.
You are feeling hungry.
The deep troll closely misses you.
The deep troll claws you but does no damage.
The deep troll claws you.
Unknown command.
Casting: Borgnjor's Vile Clutch
Confirm with . or Enter, or press ? or * to list all spells.
Aiming: Borgnjor's Vile Clutch
Press: ? - help, Dir - move target cursor, f/p - deep troll
Aim: a deep troll (moderately wounded)
You miscast Borgnjor's Vile Clutch.
Flickering shadows surround you.
The orc high priest prays to Beogh.
The deep troll bites you.
* * * LOW HITPOINT WARNING * * *
The deep troll claws you!
You die...

* , , , , * , ,, ### , ,
##.####### ,..o ,* #...##.#.##
, , #.# , ##.##.....#### ,
,,#o#, #..........#.# #.#
#.........W..# * #.# *
##........W.@# ...####.####
#..........oT# *#..........
#..........33# * #.#* *
##...##...4..###########.####
##....#.#.....).....o.........
#....#........................
#.............................
##............................
#............................


You could see an orc high priest, a deep troll, 2 sun demons, a chaos spawn and
2 shadows.

Vanquished Creatures
  A two-headed ogre (D:9)
  Urug (Orc:1)
  A warg (Orc:2)
  Edmund (D:6)
  A water moccasin (D:9)
  A sky beast (Orc:1)
  2 orc warriors (Orc:2)
  3 ogres
  A necrophage (D:9)
  A crocodile (D:9)
  A big kobold (D:8)
  A bullfrog (D:7)
  A gnoll sergeant (D:5)
  2 elf skeletons (D:7)
  3 scorpions (D:7)
  6 killer bees (D:7)
  2 bullfrog zombies
  2 hounds
  2 human zombies (Ossuary)
  4 orc priests
  A gnoll shaman (D:7)
  5 orc wizards
  2 centaur skeletons
  An iguana (D:4)
  Jessica (D:3)
  A human skeleton (D:7)
  3 worker ants
  2 big kobold zombies (Ossuary)
  A hound zombie (D:5)
  4 mummies (Ossuary)
  A worker ant zombie (D:9)
  2 adders
  9 gnolls
  A shadow imp (D:6)
  An adder skeleton (D:4)
  2 adder zombies (Ossuary)
  2 dart slugs (D:3)
  3 leopard geckos
  18 orcs
  2 giant cockroaches
  A gnoll zombie (Ossuary)
  2 goblins
  2 hobgoblins
  3 jackals (D:4)
  3 kobolds (D:8)
  A quokka (D:8)
  A ball python (D:1)
  2 bats
  4 frilled lizards
  A goblin zombie (Ossuary)
  A hobgoblin zombie (Ossuary)
  A jackal skeleton (D:5)
  2 jackal zombies
  A kobold zombie (Ossuary)
  2 leopard gecko zombies
  3 orc skeletons (D:7)
  An orc zombie (Ossuary)
  A quokka skeleton (D:9)
131 creatures vanquished.

Vanquished Creatures (others)
  A yak (D:9)
  2 bullfrogs (D:9)
  A gnoll sergeant (D:9)
  A plant (D:7)
5 creatures vanquished.

Grand Total: 136 creatures vanquished

Notes
Turn   | Place    | Note
-------+----------+-------------------------------------------
     0 | D:1      | 4thArraOfDagon the Deep Dwarf Necromancer began the quest for the Orb.
     0 | D:1      | Reached XP level 1. HP: 15/15 MP: 3/3
   134 | D:1      | Reached XP level 2. HP: 22/22 MP: 1/5
   166 | D:3      | Noticed Jessica
   231 | D:3      | Killed Jessica
   231 | D:3      | Reached skill level 5 in Necromancy
   231 | D:3      | Reached XP level 3. HP: 28/28 MP: 1/6
   267 | D:3      | Learned a level 3 spell: Vampiric Draining
   289 | D:3      | Found a stormy altar of Qazlal.
   441 | D:4      | Found a shadowy altar of Dithmenos.
   453 | D:4      | Reached XP level 4. HP: 21/36 MP: 2/7
   568 | D:5      | Entered Level 5 of the Dungeon
   606 | D:5      | Reached XP level 5. HP: 19/42 MP: 9/9
   685 | D:6      | Noticed Edmund
   691 | D:6      | Killed Edmund
   691 | D:6      | Reached skill level 1 in Axes
   691 | D:6      | Reached XP level 6. HP: 29/49 MP: 3/10
   714 | D:6      | Learned a level 5 spell: Borgnjor's Vile Clutch
   746 | D:5      | Noticed a two-headed ogre
   763 | D:6      | Reached skill level 1 in Earth Magic
   763 | D:6      | Reached skill level 2 in Earth Magic
   799 | D:5      | Noticed olivier's ghost (novice GnFi)
   805 | D:5      | Reached skill level 3 in Earth Magic
   805 | D:5      | Reached XP level 7. HP: 31/55 MP: 1/12
   848 | D:4      | Found Ecrevech's Magic Scroll Shoppe.
   854 | D:4      | Noticed diana's ghost (novice MiFi)
   858 | D:4      | Bought 3 scrolls of teleportation for 99 gold pieces
   858 | D:4      | Bought a scroll of random uselessness for 11 gold pieces
   960 | D:6      | Found an iron altar of Okawaru.
  1010 | D:6      | Reached skill level 4 in Earth Magic
  1130 | D:7      | Found an ornate altar of the Wu Jian Council.
  1148 | D:7      | Found a staircase to the Ecumenical Temple.
  1157 | Temple   | Entered the Ecumenical Temple
  1190 | Temple   | Torious: hi
  1234 | Temple   | Became a worshipper of Makhleb the Destroyer
  1245 | D:7      | 4thArraOfDagon: hi
  1288 | D:7      | Found a sand-covered staircase.
  1312 | D:7      | Reached skill level 5 in Earth Magic
  1316 | Ossuary  | Entered an ossuary
  1342 | Ossuary  | Reached skill level 5 in Axes
  1342 | Ossuary  | Reached XP level 8. HP: 36/62 MP: 14/14
  1531 | D:7      | Reached * piety under Makhleb
  1613 | D:7      | Reached skill level 6 in Earth Magic
  1764 | D:7      | Reached skill level 7 in Earth Magic
  1850 | D:8      | Reached ** piety under Makhleb
  2048 | D:9      | Noticed a two-headed ogre
  2054 | D:9      | Reached skill level 8 in Earth Magic
  2056 | D:9      | Killed a two-headed ogre
  2056 | D:9      | Reached skill level 5 in Spellcasting
  2056 | D:9      | Reached skill level 9 in Earth Magic
  2056 | D:9      | Gained mutation: You passively map the area around you. [Deep Dwarf growth]
  2056 | D:9      | Reached XP level 9. HP: 38/66 MP: 16/16
  2083 | D:9      | Found a shimmering altar of Xom.
  2096 | D:9      | Found a staircase to the Orcish Mines.
  2114 | D:9      | Found a radiant altar of Vehumet.
  2116 | Orc:1    | Entered Level 1 of the Orcish Mines
  2233 | Orc:1    | Noticed Urug
  2255 | Orc:1    | Killed Urug
  2255 | Orc:1    | Reached skill level 10 in Earth Magic
  2269 | Orc:1    | Noticed troglodite's ghost (journeyman DsBe)
  2307 | Orc:1    | Noticed a troll
  2307 | Orc:1    | Noticed johnjohn's ghost (journeyman MiFi)
  2308 | Orc:1    | Noticed an orc warlord
  2314 | Orc:2    | Entered Level 2 of the Orcish Mines
  2320 | Orc:2    | HP: 1/68 [orc warrior/enchanted war axe[an orc warlord] (9)]
  2454 | Orc:2    | Found a staircase to the Elven Halls.
  2625 | Orc:2    | Reached XP level 10. HP: 24/74 MP: 7/18
  2697 | Orc:2    | Noticed an orc high priest
  2697 | Orc:2    | Noticed an orc high priest
  2716 | Orc:2    | Noticed a deep troll
  2716 | Orc:2    | an orc high priest changed into a deep troll
  2722 | Orc:2    | Noticed a sun demon
  2723 | Orc:2    | Slain by a deep troll

Skill      XL: |  1  2  3  4  5  6  7  8  9 |
---------------+----------------------------+-----
Spellcasting   | 2 3 4 5 |  5.9
Necromancy     | 5 6 |  6.9
Axes           | 1 3 5 7 9 |  9.2
Earth Magic    | 3 5 9 10 | 10.6
Dodging        | |  2.1
Stealth        | |  2.4

Action                   |  1- 3 |  4- 6 |  7- 9 | 10-12 || total
-------------------------+-------+-------+-------+-------++-------
Melee: Unarmed           |    13 |    12 |       |       ||    25
       Dagger            |    13 |    35 |       |       ||    48
       Hand axe          |       |    17 |   221 |       ||   238
       War axe           |       |       |    24 |       ||    24
 Cast: Pain              |    19 |       |       |       ||    19
       Vampiric Draining |     2 |    14 |    29 |       ||    45
       Borgnjor's Vile C |       |     2 |    15 |     1 ||    18
 Abil: Heal Wounds       |       |       |     3 |       ||     3
Evoke: Wand              |       |       |       |     1 ||     1
  Use: Potion            |     3 |     5 |     6 |     1 ||    15
       Scroll            |     2 |       |     8 |       ||    10
 Stab: Sleeping          |       |       |     1 |       ||     1
       Distracted        |       |       |     1 |       ||     1
  Eat: Chunk             |       |     3 |    13 |       ||    16
       Ration            |       |       |     1 |       ||     1
Armor: Robe              |     7 |    10 |       |       ||    17
       Skin              |       |    40 |       |       ||    40
       Ring mail         |       |    21 |   170 |     1 ||   192
Dodge: Dodged            |    15 |    62 |   195 |     3 ||   275
